 Dungeon Crawl Stone Soup version 0.27-a0-1456-gf5a116941d (webtiles) character file.

Game seed: 12078033135618759681

65420 avis the Black Belt (level 15, -2/103 HPs)
             Began as an Octopode Transmuter on July 6, 2021.
             Was an Initiate of Gozag.
             Shot with an arrow by Nessos (25 damage)
             ... on level 12 of the Dungeon on July 7, 2021.
             The game lasted 03:08:44 (30475 turns).

avis the Black Belt (Octopode Transmuter)          Turns: 30475, Time: 03:08:45

Health: -2/103     AC:  8    Str: 17    XL:     15   Next: 16%
Magic:  30/32      EV: 24    Int: 23    God:    Gozag
Gold:   1332       SH:  5    Dex: 17    Spells: 4/24 levels left

rFire    . . .     SeeInvis .     - Unarmed
rCold    . . .     Faith    .   (shield currently unavailable)
rNeg     + + .     Spirit   .   t - +3 hat of Pondering {ponderous, Will+ MP+10 Int+5}
rPois    +         Reflect  +   q - amulet of reflection
rElec    +         Harm     .   H - ring "Jaefrer" {Wiz rElec}
rCorr    +         Rampage  .   u - ring of Hedonism {Will+ Dex+3 Slay+2 Stlth+}
Will     ++++.                  l - ring "Cokhlui" {rN+ EV+4 Str+3}
Stlth    +++++.....             S - ring of positive energy
HPRegen  0.27/turn              m - ring "Beish" {rPois rCorr Str+2}
MPRegen  0.23/turn              J - +4 ring of protection
                                r - ring of willpower
                                Q - +4 ring of slaying

@: lethally poisoned (-2 -> -11), blade tentacles, slow
A: almost no armour, amphibious, 8 rings, camouflage 1, gelatinous body 1,
(nimble swimmer 1), tentacles
a: End Transformation, Renounce Religion, Potion Petition, Call Merchant, Bribe
Branch


You were on level 12 of the Dungeon.
You worshipped Gozag.
Gozag was most pleased with you.
You had blades for main tentacles.
You visited 4 branches of the dungeon, and saw 20 of its levels.
You also visited: Ossuary.

You collected 5391 gold pieces.
You spent 4001 gold pieces at shops.
You paid 58 gold pieces to Gozag.

Inventory:

Missiles
 f - 66 stones
 D - 2 throwing nets (quivered)
Armour
 t - the +3 hat of Pondering (worn) {ponderous, Will+ MP+10 Int+5}
   (You took it off Gastronok on level 1 of the Lair of Beasts)

   Int:       It affects your intelligence (+5).
   MP:        It affects your magic capacity (+10).
   Will:      It increases your willpower.
Jewellery
 l - the ring "Cokhlui" (on tentacle) {rN+ EV+4 Str+3}
   (You bought it in a shop on level 5 of the Dungeon)

   [ring of evasion]

   EV:        It affects your evasion (+4).
   Str:       It affects your strength (+3).
   rN:        It protects you from negative energy.
 m - the ring "Beish" (on tentacle) {rPois rCorr Str+2}
   (You acquired it on level 6 of the Dungeon)

   [ring of resist corrosion]

   Str:       It affects your strength (+2).
   rPois:     It protects you from poison.
   rCorr:     It protects you from acid and corrosion.
 q - an amulet of reflection (around mantle)
 r - a ring of willpower (on tentacle)
 u - the ring of Hedonism (right blade tentacle) {Will+ Dex+3 Slay+2 Stlth+}
   (You bought it in a shop on level 3 of the Dungeon)

   [ring of willpower]

   Dex:       It affects your dexterity (+3).
   Slay:      It affects your accuracy & damage with ranged weapons and melee
   (+2).
   Will:      It increases your willpower.
   Stlth:     It makes you more stealthy.
 w - a +4 ring of evasion
 F - a ring of flight
 H - the ring "Jaefrer" (left blade tentacle) {Wiz rElec}
   (You bought it in a shop on level 5 of the Dungeon)

   [ring of wizardry]

   It improves your spell success rate.
   rElec:     It insulates you from electricity.
 J - a +4 ring of protection (on tentacle)
 Q - a +4 ring of slaying (on tentacle)
 S - a ring of positive energy (on tentacle)
 V - a ring of fire
Wands
 i - a wand of acid (11)
 k - a wand of digging (5)
 o - a wand of mindburst (23)
 y - a wand of flame (33)
 A - a wand of iceblast (34)
 B - a wand of charming (6)
 G - a wand of polymorph (17)
Scrolls
 a - 4 scrolls of fear
 s - 5 scrolls of fog
 z - 5 scrolls of magic mapping
 P - a scroll of silence
Potions
 b - 2 potions of haste
 c - a potion of heal wounds
 d - 2 potions of curing
 e - a potion of invisibility
 g - 3 potions of cancellation
 j - a potion of magic
 p - 2 potions of ambrosia
 x - 3 potions of flight
 E - 4 potions of brilliance
 M - a potion of might
 O - a potion of degeneration
Miscellaneous
 h - a condenser vane


   Skills:
 - Level 10.0 Fighting
 * Level 11.4 Dodging
 - Level 5.0 Stealth
 - Level 18.0 Unarmed Combat
 - Level 5.0 Spellcasting
 - Level 8.0 Transmutations
 - Level 4.0 Ice Magic
 - Level 2.0 Poison Magic
 - Level 3.0 Evocations


You had 4 spell levels left.
You knew the following spells:

 Your Spells              Type           Power      Damage    Failure   Level
a - Beastly Appendage     Tmut           84%        N/A       4%          1
l - Wereblood             Tmut           42%        N/A       4%          2
p - Spider Form           Tmut/Pois      14%        N/A       12%         3
q - Ice Form              Ice/Tmut       33%        N/A       17%         4
A - Alistair's Intoxicat  Tmut/Pois      18%        N/A       41%         5
B - Blade Hands           Tmut           21%        N/A       21%         5

Your spell library contained the following spells:

 Spells                   Type           Power      Damage    Failure   Level
 Freeze                   Ice            96%        1d11      9%          1
 Frozen Ramparts          Ice            48%        1d6       14%         3
 Ensorcelled Hibernation  Hex/Ice        28%        N/A       16%         2
 Apportation              Tloc           10%        N/A       21%         1
 Magic Dart               Conj           20%        1d4       21%         1
 Summon Small Mammal      Summ           20%        N/A       21%         1
 Call Imp                 Summ           5%         N/A       26%         2
 Corpse Rot               Necr/Air       N/A        N/A       26%         2
 Searing Ray              Conj           10%        3d3       26%         2
 Mephitic Cloud           Conj/Pois/Air  8%         N/A       32%         3
 Call Canine Familiar     Summ           5%         N/A       38%         3
 Gell's Gravitas          Tloc           2%         N/A       38%         3
 Lesser Beckoning         Tloc           2%         N/A       38%         3
 Portal Projectile        Hex/Tloc       10%        N/A       38%         3
 Summon Guardian Golem    Hex/Summ       5%         N/A       38%         3
 Teleport Other           Tloc           5%         N/A       38%         3
 Tukima's Dance           Hex            5%         N/A       38%         3
 Hailstorm                Conj/Ice       14%        3d5       45%         4
 Dispel Undead            Necr           5%         3d7       67%         4
 Fulminant Prism          Conj/Hex       2%         3d6       67%         4
 Iskenderun's Mystic Bla  Conj/Tloc      5%         2d3       67%         4
 Passage of Golubria      Tloc           N/A        N/A       67%         4
 Yara's Violent Unravell  Hex/Tmut       12%        3d7       52%         5
 Excruciating Wounds      Necr           2%         N/A       90%         5
 Lee's Rapid Deconstruct  Erth           2%         3d6*      90%         5
 Death Channel            Necr           2%         N/A       100%        6
 Invisibility             Hex            2%         N/A       100%        6
 Iron Shot                Conj/Erth      2%         9d2       100%        6
 Shadow Creatures         Summ           N/A        N/A       100%        6
 Chain Lightning          Conj/Air       2%         3d3       100%        9
 Fire Storm               Conj/Fire      2%         8d1       100%        9
 Animate Armour           Summ/Erth      Unusable   N/A       N/A         4

Dungeon Overview and Level Annotations

Branches:
Dungeon (12/15)            Temple (1/1) D:4            Lair (6/6) D:9
  Swamp (0/4) Lair:3        Snake (1/4) Lair:4        Slime (0/5) Lair:6
    Orc (0/2) D:10        Ossuary (visited)

Altars:
Ashenzari
Cheibriados
Dithmenos
Elyvilon
Fedhas
Gozag
Hepliaklqana
Kikubaaqudgha
Makhleb
Nemelex Xobeh
Okawaru
Qazlal
Ru
Sif Muna
Trog
Uskayaw
Vehumet
Wu Jian
Xom
Yredelemnul
Zin
The Shining One
Jiyva

Shops:
D:2 (   D:3 =   D:5 =   D:6 *   D:10 ([*

Annotations:
D:12 Nessos


Innate Abilities, Weirdness & Mutations

You have blades for main tentacles.
Your spellcasting is less reliable in this form.
You are incapable of wielding weapons or throwing items.
You cannot wear most types of armour.
You are amphibious.
You can wear up to eight rings at the same time.
Your skin changes colour to match your surroundings (Stealth+).
Your rubbery body absorbs attacks. (AC +1, EV +1)
((You are camouflaged near water. (Stealth+)))
You have tentacles for arms and can constrict up to eight enemies at once.


Message History

Nessos the Markscentaur comes into view.
Casting: Blade Hands (dangerous; 21% risk of failure)
Confirm with . or Enter, or press ? or * to list all spells.
You extend your transformation's duration.
Found a ring mail.
Nessos shouts!
Nessos wields a +1 longbow of flaming.
It bursts into flame!
Nessos shoots an arrow.
The arrow completely misses you.
Nessos shoots an arrow.
The arrow completely misses you.
Nessos mumbles some strange words.
Nessos seems to speed up.
Nessos blinks!
Nessos shoots an arrow.
The arrow hits you! The arrow burns you.
Nessos unwields a +1 longbow of flaming.
It stops flaming.
Nessos closely misses you. Nessos kicks you but does no damage.
Nessos completely misses you. Nessos kicks you but does no damage.
You slice Nessos!!
Nessos is moderately wounded.
Nessos closely misses you. Nessos misses you. Nessos barely misses you.
Nessos closely misses you.
You completely miss Nessos. You squeeze Nessos.
Nessos is moderately wounded.
Nessos blinks!
Nessos blinks! x2
Nessos wields a +1 longbow of flaming.
It bursts into flame!
Nessos shoots an arrow.
The arrow misses you.
Nessos shoots an arrow.
You reflect the arrow off an invisible shield around you!
The arrow barely misses Nessos.
You see here a +0 ring mail.
Nessos shoots an arrow.
The arrow hits you!! The arrow burns you!
You are poisoned.
Nessos shoots an arrow.
The arrow hits you!! The arrow burns you!
* * * LOW HITPOINT WARNING * * *
You feel very sick.
Nessos shoots an arrow.
The arrow completely misses you.
Nessos shoots an arrow.
The arrow closely misses you.
You feel very sick.
Nessos shoots an arrow.
The arrow hits you!!
You die...
Your body crumbles into a pile of gold.

#. .# #. .# #. .#
#...# +...# #.#c#
.###+#...#
.......@.#
#####....# #....#
#..[.#
##############....#
..................#
.##############...#
.'...... #.#.#
.#+##### #...#


You could see Nessos (fast).

Vanquished Creatures
  Rupert (Lair:3)
  Gastronok (Lair:1)
  A fire dragon (Lair:6)
  A boulder beetle (Lair:6)
  9 hydras
  4 two-headed ogres
  5 death yaks
  A fire crab (Lair:6)
  A swamp dragon (Lair:6)
  A wolf spider (Lair:6)
  2 cyclopes (D:11)
  2 oklob plants (Lair:3)
  17 elephants
  10 black mambas
  A guardian serpent (Lair:6)
  23 cane toads
  Maggie (Lair:2)
  A gargoyle (D:10)
  2 rime drakes
  A torpor snail (Lair:5)
  An unseen horror (D:10)
  11 komodo dragons
  2 trolls
  2 hornets (Lair:6)
  A polar bear (Lair:6)
  16 blink frogs
  Sigmund (D:3)
  32 yaks
  2 redbacks (Lair:6)
  A spriggan (Lair:5)
  11 wyverns
  2 steam dragons
  2 vampire mosquitoes (D:11)
  3 basilisks
  Menkaure (Ossuary)
  3 wargs
  3 nagas (Lair:4)
  3 acid dragons
  27 water moccasins
  3 swamp drakes (Lair:6)
  2 ice beasts
  8 orc warriors
  4 sky beasts
  22 wolves
  6 ogres
  7 centaurs
  12 bullfrogs
  A scorpion (D:5)
  2 gnoll sergeants
  A wyvern skeleton (D:7)
  9 killer bees
  6 wights
  An electric eel (Lair:4)
  7 centaur zombies
  3 orc priests (D:9)
  4 hounds
  3 centaur skeletons
  18 orc wizards
  5 iguanas
  A scorpion zombie (D:3)
  4 hell rats (Lair:4)
  A killer bee zombie (D:8)
  3 mummies (Ossuary)
  14 gnolls
  2 howler monkey skeletons
  6 adders
  A shadow imp (D:6)
  2 white imps
  An ufetubus (D:6)
  2 worms
  2 adder skeletons
  5 dart slugs
  30 orcs
  5 bats
  7 endoplasms
  5 giant cockroaches
  2 gnoll zombies (Ossuary)
  8 goblins
  2 hobgoblins
  5 jackals
  9 kobolds
  4 quokkas
  4 ball pythons
  5 frilled lizards
  5 gnoll skeletons (Ossuary)
  3 goblin skeletons (Ossuary)
  4 goblin zombies
  3 hobgoblin skeletons (Ossuary)
  3 hobgoblin zombies (Ossuary)
  6 kobold skeletons (Ossuary)
  4 kobold zombies (Ossuary)
  3 orc skeletons (Ossuary)
  6 orc zombies (Ossuary)
  2 quokka zombies
  6 rats
  5 rat skeletons (Ossuary)
  5 rat zombies (Ossuary)
518 creatures vanquished.

Vanquished Creatures (others)
  An orc wizard (D:10)
  A kobold zombie (Ossuary)
  An orc zombie (Ossuary)
  43 fungi
  103 plants
149 creatures vanquished.

Grand Total: 667 creatures vanquished

Notes
Turn   | Place    | Note
-------+----------+-------------------------------------------
     0 | D:1      | avis the Octopode Transmuter began the quest for the Orb.
     0 | D:1      | Reached XP level 1. HP: 13/13 MP: 3/3
   142 | D:1      | Reached skill level 1 in Stealth
   218 | D:1      | Reached XP level 2. HP: 17/18 MP: 3/5
   829 | D:1      | Reached XP level 3. HP: 18/24 MP: 3/6
  1067 | D:1      | Learned a level 3 spell: Spider Form
  1839 | D:2      | Found Taanirampu's Weapon Emporium.
  1851 | D:2      | Reached skill level 1 in Poison Magic
  2256 | D:2      | Reached XP level 4. HP: 29/29 MP: 3/7
  2892 | D:3      | Noticed Sigmund
  2912 | D:3      | Killed Sigmund
  2913 | D:3      | Reached XP level 5. HP: 14/34 MP: 5/8
  2913 | D:3      | Reached XP level 6. HP: 16/39 MP: 5/9
  3097 | D:3      | Reached skill level 5 in Dodging
  3180 | D:3      | Found Leowia Osiw's Jewellery Boutique.
  3252 | D:3      | Learned a level 4 spell: Ice Form
  3585 | D:4      | Found a staircase to the Ecumenical Temple.
  3598 | Temple   | Entered the Ecumenical Temple
  3604 | Temple   | Became a worshipper of Gozag Ym Sagoz the Greedy
  3886 | D:4      | Found a sand-covered staircase.
  3893 | Ossuary  | Entered an ossuary
  4620 | Ossuary  | Noticed Menkaure
  4640 | Ossuary  | Killed Menkaure
  4641 | Ossuary  | Reached skill level 4 in Unarmed Combat
  4641 | Ossuary  | Reached XP level 7. HP: 34/45 MP: 5/10
  4812 | D:4      | Reached skill level 5 in Unarmed Combat
  5118 | D:3      | Bought the ring of Hedonism {Will+ Dex+3 Slay+2 Stlth+} for
                  | 544 gold pieces
  5562 | D:5      | Entered Level 5 of the Dungeon
  5657 | D:5      | Reached skill level 5 in Transmutations
  5685 | D:5      | Reached XP level 8. HP: 41/50 MP: 7/11
  5942 | D:5      | Found an iron altar of Okawaru.
  6020 | D:5      | Found a bloodstained altar of Trog.
  6023 | D:5      | Found a sacrificial altar of Ru.
  6282 | D:5      | Found Timmahest's Jewellery Emporium.
  6353 | D:5      | Reached skill level 6 in Unarmed Combat
  6903 | D:6      | Reached skill level 7 in Unarmed Combat
  6903 | D:6      | Reached skill level 1 in Ice Magic
  7411 | D:6      | Reached XP level 9. HP: 56/56 MP: 8/12
  7620 | D:6      | Reached skill level 5 in Stealth
  8168 | D:6      | Found Beem's General Store.
  8175 | D:6      | Bought a potion of lignification for 45 gold pieces
  9293 | D:7      | Reached skill level 8 in Unarmed Combat
  9401 | D:7      | Found a sparkling altar of Nemelex Xobeh.
  9842 | D:8      | Noticed a two-headed ogre
  9887 | D:7      | Killed a two-headed ogre
  9888 | D:7      | Reached skill level 9 in Unarmed Combat
  9888 | D:7      | Reached XP level 10. HP: 65/65 MP: 9/13
 10340 | D:7      | Reached skill level 5 in Fighting
 10793 | D:8      | Noticed a two-headed ogre
 10801 | D:8      | Killed a two-headed ogre
 12167 | D:9      | Reached skill level 10 in Unarmed Combat
 12365 | D:7      | HP: 1/68 [warg (14)]
 12652 | D:6      | Bought a scroll of acquirement for 780 gold pieces
 12653 | D:6      | Acquired the ring "Beish" {rPois rCorr Str+2}
 13327 | D:9      | Reached XP level 11. HP: 56/75 MP: 9/14
 13529 | D:9      | Found a staircase to the Lair.
 13799 | Lair:1   | Entered Level 1 of the Lair of Beasts
 13917 | Lair:1   | Reached skill level 11 in Unarmed Combat
 14227 | Lair:1   | Noticed a five-headed hydra
 14409 | D:9      | Killed a five-headed hydra
 14725 | Lair:1   | Reached skill level 12 in Unarmed Combat
 15253 | Lair:1   | Noticed Gastronok
 15394 | Lair:1   | Killed Gastronok
 15395 | Lair:1   | Reached skill level 10 in Dodging
 15395 | Lair:1   | Reached XP level 12. HP: 81/81 MP: 15/15
 16741 | Lair:2   | Noticed Maggie
 16771 | Lair:2   | Killed Maggie
 17170 | Lair:2   | Reached skill level 13 in Unarmed Combat
 17709 | D:5      | Bought the ring "Jaefrer" {Wiz rElec} for 660 gold pieces
 18130 | Lair:3   | Found a staircase to the Swamp.
 18134 | Lair:3   | Noticed Rupert
 18758 | Lair:3   | Reached skill level 14 in Unarmed Combat
 19005 | Lair:3   | Learned a level 5 spell: Alistair's Intoxication
 19040 | Lair:3   | Noticed an eight-headed hydra
 19048 | Lair:3   | Killed an eight-headed hydra
 19886 | Lair:3   | Reached XP level 13. HP: 70/86 MP: 17/17
 20018 | Lair:4   | Found a staircase to the Snake Pit.
 20032 | Lair:4   | Reached skill level 15 in Unarmed Combat
 20789 | Lair:4   | Reached skill level 1 in Evocations
 21484 | D:10     | Entered Level 10 of the Dungeon
 21807 | D:10     | Found Xisurott's General Store.
 22074 | D:10     | Found a staircase to the Orcish Mines.
 22074 | D:10     | Found Qien's Weapon Boutique.
 22074 | D:10     | Found Utethrai's Armour Boutique.
 22257 | D:10     | Found a glowing golden altar of the Shining One.
 22259 | D:10     | Noticed an angel
 22273 | D:10     | Found a basalt altar of Yredelemnul.
 22275 | D:10     | Noticed a profane servitor
 23077 | D:5      | Bought a +4 ring of slaying for 1170 gold pieces
 23282 | Lair:3   | Killed Rupert
 23462 | Snake:1  | Entered Level 1 of the Snake Pit
 23523 | Lair:4   | Reached skill level 16 in Unarmed Combat
 23894 | Lair:5   | Reached XP level 14. HP: 97/97 MP: 20/20
 24296 | Lair:5   | Reached skill level 10 in Fighting
 24340 | Lair:5   | Reached skill level 5 in Spellcasting
 24857 | Lair:5   | Learned a level 2 spell: Wereblood
 25480 | Lair:6   | Entered Level 6 of the Lair of Beasts
 25566 | Lair:6   | Learned a level 5 spell: Blade Hands
 26364 | Lair:6   | Reached skill level 17 in Unarmed Combat
 26920 | Lair:6   | Found a staircase to the Slime Pits.
 26920 | Lair:6   | Found a viscous altar of Jiyva.
 26974 | Lair:6   | Reached skill level 18 in Unarmed Combat
 26985 | Lair:6   | HP: 2/118 [seven-headed hydra (11)]
 27639 | Lair:6   | Reached XP level 15. HP: 87/103 MP: 22/22
 29239 | D:5      | Bought the ring "Cokhlui" {rN+ EV+4 Str+3} for 802 gold
                  | pieces
 30459 | D:12     | Noticed Nessos
 30475 | D:12     | Shot with an arrow by Nessos

Illustrated notes

Levels and vault maps discovered:
D:1:      dpeg_arrival_lava_temple_mockup, layout_loops_ring,
          hangedman_feature_mirror, wad_floor_pattern_untrapped
D:2:      layout_basic, serial_shops,
          nicolae_shop_temple_entry_statues_fountains
D:3:      layout_rooms, serial_shops, shop, serial_undead, serial_undead_f,
          serial_undead_d, serial_undead_a, serial_undead_c, uniq_sigmund
D:4:      layout_gridville, minmay_temple_entry_glass, enter_ossuary_4,
          minmay_misc_feat_pillars, kennysheep_generic_room_7
D:5:      layout_loops_ring, minmay_overflow_temple_star_quad, serial_shops,
          nicolae_lakefront_shop
D:6:      layout_loops_corners, serial_shops, shop_fountains, minivault_5,
          corexii_corridor_pit, st_stairs_9
D:7:      layout_rooms, nemelex_dance_club_becter
D:8:      layout_loops_cross, st_stairs_6
D:9:      layout_cross, erik_lair_orcish_takeover
D:10:     minmay_flawed_box, layout_irregular_city,
          grunt_temple_overflow_holy_war, orc_david_3, serial_shops,
          nicolae_shop_behind_doors
D:11:     layout_stronghold
D:12:     layout_stronghold, serial_shops, nicolae_shop_stone, uniq_fannar,
          uniq_snorg, uniq_nessos
Temple:   nicolae_temple_x_marks_the_god
Lair:1:   layout_chaotic_city, grunt_megastairs_2, uniq_gastronok
Lair:2:   layout_small_grid, hibernation_bobbens, uniq_maggie
Lair:3:   layout_layer_cave, swamp_mist, minmay_lair_oklob_chamber,
          infiniplex_staircase_pool_2, uniq_rupert
Lair:4:   layout_loops_ring, minmay_snake_entry_guardpost_small,
          grunt_megastairs_3, serial_bayou_shore_a
Lair:5:   layout_layer_cave, grunt_forest_large_clearing_hut
Lair:6:   hangedman_lair_tendril_chambers, layout_hall_layers,
          guppyfry_lair_end_dragon, slime_altar_1, serial_bayou_crossing
Snake:1:  layout_onion, nicolae_snake_ghostly_warrior_ritual, minmay_shop_grove

Skill      XL: |  1  2  3  4  5  6  7  8  9 10 11 12 13 14 15 |
---------------+----------------------------------------------+-----
Stealth        | 2 3 4 5 |  5.0
Fighting       | 2 3 4 7 9 10 | 10.0
Transmutations | 3 5 7 8 |  8.0
Poison Magic   | 2 |  2.0
Dodging        | 4 5 6 7 10 11 | 11.4
Unarmed Combat | 4 5 7 9 10 12 14 16 18 | 18.0
Ice Magic      | 4 |  4.0
Spellcasting   | 3 4 5 |  5.0
Evocations     | 3 |  3.0

Action                   |  1- 3 |  4- 6 |  7- 9 | 10-12 | 13-15 || total
-------------------------+-------+-------+-------+-------+-------++-------
Melee: Short sword       |    48 |       |       |       |       ||    48
       Constrict         |    22 |    49 |     2 |     2 |    30 ||   105
       Unarmed           |     4 |    45 |   242 |   438 |   501 ||  1230
       Kick              |    11 |    44 |     2 |     4 |       ||    61
       Tentacles         |    13 |    29 |     4 |     1 |    32 ||    79
       Dagger            |    18 |   147 |    15 |       |       ||   180
       Punch             |       |     1 |     4 |     1 |    15 ||    21
 Cast: Beastly Appendage |    32 |    42 |     4 |     4 |       ||    82
       Spider Form       |     1 |    10 |    54 |    35 |     2 ||   102
       Ice Form          |       |       |       |    30 |    42 ||    72
       Blade Hands       |       |       |       |       |    25 ||    25
       Alistair's Intoxi |       |       |       |       |     2 ||     2
 Abil: End Transformatio |       |       |       |       |     4 ||     4
Evoke: Wand              |       |       |       |       |     3 ||     3
  Use: Scroll            |       |     4 |     8 |     5 |    12 ||    29
       Potion            |       |     1 |       |     2 |     7 ||    10
 Stab: Sleeping          |    13 |    13 |    17 |    15 |     9 ||    67
       Distracted        |       |       |     1 |     3 |     7 ||    11
Armor: Skin              |     3 |     4 |    10 |    26 |    77 ||   120
Dodge: Dodged            |    23 |    83 |   177 |   330 |   317 ||   930
Block: Other             |       |    30 |    43 |    63 |    76 ||   212
       Reflection        |       |       |     1 |     1 |     1 ||     3

Table legend: (Time is in decaauts)
 A = Elapsed time spent in this place.
 B = Non-inter-level travel time spent in this place.
 C = Inter-level travel time spent in this place.
 D = Time resting spent in this place.
 E = Time spent auto-exploring this place.
 F = Levels seen in this place.
 G = Mean time per level.
                   A        B        C        D        E       F      G
               +--------+--------+--------+--------+--------+-----+--------+
         Total |  30967 |  27034 |   3933 |   8480 |  10865 |  21 | 1474.6 |
       Dungeon |  17638 |  14724 |   2914 |   5028 |   5673 |  12 | 1469.8 |
        Temple |    215 |    204 |     11 |    113 |     49 |   1 |  215.0 |
          Lair |  12229 |  11222 |   1007 |   3050 |   5142 |   6 | 2038.2 |
     Snake Pit |      1 |      1 |      0 |      0 |      0 |   1 |    1.0 |
       Ossuary |    882 |    882 |      0 |    289 |      0 |   1 |  882.0 |
               +--------+--------+--------+--------+--------+-----+--------+

Top non-repeatable levels by time:
  Lair:6: 2983 daAuts
     D:6: 2579 daAuts
  Lair:3: 2272 daAuts
     D:9: 2221 daAuts
  Lair:1: 2015 daAuts
     D:5: 1949 daAuts
     D:7: 1868 daAuts
  Lair:4: 1784 daAuts
  Lair:5: 1693 daAuts
     D:1: 1608 daAuts
     D:8: 1524 daAuts
  Lair:2: 1479 daAuts
    D:10: 1400 daAuts
    D:11: 1273 daAuts
     D:4: 1134 daAuts
